 Dungeon Crawl Stone Soup version 0.31.0-1-g2c135a0 (webtiles) character file.

Game seed: 11187374260693088355

26 bonegar the Sneak (level 3, 0/28 HPs)
             Began as a Naga Enchanter on Feb 13, 2024.
             Slain by a kobold
             ... wielding a staff of death
              (2 damage)
             ... on level 2 of the Dungeon.
             The game lasted 00:07:01 (937 turns).

bonegar the Sneak (Naga Enchanter)                   Turns: 937, Time: 00:07:01

Health: 0/28       AC:  2    Str: 10    XL:     3   Next: 8%
Magic:  6/6        EV: 10    Int: 15    God:
Gold:   27         SH:  0    Dex: 13    Spells: 6/6 levels left

rFire   . . .        a - +1 dagger
rCold   . . .        (no shield)
rNeg    . . .        b - +0 robe
rPois   +            (no helmet)
rElec   .            (no cloak)
rCorr   .            (no gloves)
SInv    +            (no barding)
Will    .....        (no amulet)
Stlth   +++          (no ring)
HPRegen 0.24/turn    (no ring)
MPRegen 0.10/turn

%: no passive effects
@: invisible, very slow
A: AC +1, large, see invisible, deformed body, poison resistance, slowness 2,
spit poison 1, naga tail 1
a: Spit Poison


You were on level 2 of the Dungeon.
You visited 1 branch of the dungeon, and saw 2 of its levels.

You collected 27 gold pieces.

Inventory:

Hand Weapons
 a - a +1 dagger (weapon)
Armour
 b - a +0 robe (worn)
 d - a +0 pair of gloves
Talismans
 e - a beast talisman
Scrolls
 g - a scroll of vulnerability {unknown}
 h - 2 scrolls of identify {unknown}
 i - a scroll of teleportation {unknown}
Potions
 c - 2 potions of invisibility
 f - a potion of magic {unknown}
 j - a potion of mutation {unknown}
 k - a potion of curing {unknown}


   Skills:
 + Level 0.1 Fighting
 + Level 1.1 Short Blades
 + Level 1.8 Dodging
 + Level 4.8 Stealth
 + Level 2.0 Spellcasting
 + Level 3.6 Hexes


You had 6 spell levels left.
You didn't know any spells.
Your spell library contained the following spells:

 Spells                   Type           Power      Damage    Failure   Level
 Ensorcelled Hibernation  Hex/Ice        14%        N/A       16%         2
 Confusing Touch          Hex            12%        N/A       16%         3
 Tukima's Dance           Hex            12%        N/A       16%         3
 Dazzling Flash           Conj/Hex       14%        N/A       30%         3
 Call Imp                 Summ           2%         N/A       32%         2
 Sublimation of Blood     Necr           1%         N/A       32%         2
 Summon Hydra             Summ           0%         N/A       100%        7


Dungeon Overview and Level Annotations

Branches:
Dungeon (2/15)

Altars:

Shops:
D:1 !?:


Innate Abilities, Weirdness & Mutations

Your serpentine skin is tough. (AC +1)
You have supernaturally acute eyesight. (SInv)
Armour fits poorly on your strangely shaped body.
Your system is resistant to poisons. (rPois)
You cover ground very slowly.
You can spit poison.
You have a snake-like lower body.


Message History

The kobold closely misses you.
You hit the kobold.
The kobold is severely wounded.
The hobgoblin hits you.
* * * LOW HITPOINT WARNING * * *
The kobold closely misses you.
You fade into invisibility!
The hobgoblin closely misses you.
You hit the hobgoblin.
The hobgoblin is heavily wounded.
The hobgoblin closely misses you.
You closely miss the hobgoblin.
The hobgoblin is heavily wounded.
The hobgoblin hits you.
* * * LOW HITPOINT WARNING * * *
You hit the hobgoblin but do no damage.
The hobgoblin is heavily wounded.
The hobgoblin misses you.
You hit the hobgoblin.
The hobgoblin is almost dead.
The hobgoblin closely misses you.
You hit the hobgoblin.
You kill the hobgoblin!
The kobold hits you with a staff of death.
* * * LOW HITPOINT WARNING * * *
You see here a hobgoblin corpse.
You closely miss the kobold.
The kobold is heavily wounded.
The kobold misses you.
You hit the kobold but do no damage.
The kobold is heavily wounded.
The kobold barely misses you.
You hit the kobold but do no damage.
The kobold is heavily wounded.
The kobold hits you with a staff of death.
* * * LOW HITPOINT WARNING * * *
You barely miss the kobold.
The kobold is heavily wounded.
The kobold hits you with a staff of death.
You die...

########
#.......
#.######
###########.#
#...........#
####†###########
# #...@....... .
#.##K####### # #
#.. # #.## # #.#
# ### #####
#.... #.##. #.


You could see a kobold (unable to see you).

Vanquished Creatures
  2 dart slugs (D:1)
  A bat (D:1)
  An endoplasm (D:1)
  A giant cockroach (D:1)
  A goblin (D:2)
  3 hobgoblins
  A quokka (D:2)
  A ball python (D:1)
  2 frilled lizards
  5 kobolds
  5 rats
23 creatures vanquished.

Notes
Turn   | Place    | Note
-------+----------+-------------------------------------------
     0 | D:1      | bonegar the Naga Enchanter began the quest for the Orb.
     0 | D:1      | Reached XP level 1. HP: 15/15 MP: 3/3
    11 | D:1      | Found Jogiteot's Book Emporium.
   143 | D:1      | Reached XP level 2. HP: 13/22 MP: 5/5
   394 | D:1      | Found Huthoed's Distillery.
   519 | D:1      | Found Jug Tea's Magic Scroll Emporium.
   841 | D:2      | Reached XP level 3. HP: 23/28 MP: 6/6
   937 | D:2      | Slain by a kobold

Illustrated notes

Levels and vault maps discovered:
D:1:      minmay_arrival_cross, layout_basic, serial_shops, shop,
          nicolae_shop_rolled_up, shop
D:2:      layout_basic, hellmonk_ecumenical_altar_run_dry, minmay_vboxes

Action                     || total
---------------------------++-------
  Melee: Dagger            ||    96
    Use: Potion            ||     1
   Stab: Sleeping          ||     6
 Armour: Robe              ||    61
  Dodge: Dodged            ||    51
